 Dungeon Sprint DCSS version 0.22-a0-570-g58866f5 (webtiles) character file.

18 emperorscorpion the Gusty (level 2, -6/17 HPs)
             Began as an Octopode Air Elementalist on June 30, 2018.
             Mangled by a gnoll shaman
             ... wielding a +0 whip
              (8 damage)
             ... in the Dungeon (Sprint IX: "|||||||||||||||||||||||||||||").
             The game lasted 00:00:25 (51 turns).

emperorscorpion the Gusty (Octopode Air Elementalist) Turns: 51, Time: 00:00:26

Health: -6/17      AC:  1    Str:  7    XL:     2   Next: 66%
Magic:  0/6        EV: 13    Int: 17    God:
Gold:   0          SH:  0    Dex: 12    Spells: 6/7 levels left

rFire    . . .     SeeInvis .   (no weapon)
rCold    . . .     Gourm    .   (no shield)
rNeg     . . .     Faith    .   (helmet restricted)
rPois    .         Spirit   .   (no amulet)
rElec    .         Reflect  .   (no ring)
rCorr    .         Harm     .   (no ring)
MR       .....     NoTele   +   (no ring)
Stlth    ++........             (no ring)
HPRegen  0.05/turn              (no ring)
MPRegen  0.10/turn              (no ring)
                                (no ring)
                                (no ring)

@: glowing
A: almost no armour, stealthy swim, amphibious, 8 rings, constrict 8, camouflage
1, gelatinous body 1
a: no special abilities


You were in the Dungeon.
You were not hungry.

You visited 1 branch

Inventory:

Scrolls
 h - a scroll of blinking
Potions
 c - a potion of curing
 d - a potion of heal wounds
 e - a potion of haste
 f - 2 potions of magic
 g - a potion of berserk rage
Comestibles
 a - a chunk of flesh
 b - a ration


   Skills:
 + Level 2.4 Dodging
 + Level 3.2 Stealth
 * Level 3.3 Spellcasting
 + Level 1.2 Conjurations
 + Level 4.6 Air Magic


You had 6 spell levels left.
You knew the following spells:

 Your Spells              Type           Power        Failure   Level  Hunger
a - Shock                 Conj/Air       ##..         4%          1    None

Your spell library contained the following spells:

 Spells                   Type           Power        Failure   Level  Hunger
 Lightning Bolt           Conj/Air       ##........   80%         5    ######.
 Swiftness                Chrm/Air       ##......     10%         2    ##.....
 Airstrike                Air            ###.......   26%         4    ####...
 Static Discharge         Conj/Air       ##......     16%         3    ###....


Dungeon Overview and Level Annotations

Branches:
Dungeon (1/1)

Altars:


Innate Abilities, Weirdness & Mutations

You cannot wear most types of armour.
You are very stealthy in the water. (Stealth+)
You are amphibious.
You can wear up to eight rings at the same time.
You can use your tentacles to constrict eight enemies at once.
Your skin changes colour to match your surroundings (Stealth+).
Your rubbery body absorbs attacks. (AC +1, EV +1)


Message History

* * * LOW HITPOINT WARNING * * *
Casting: Shock (safe; 4% risk of failure)
Confirm with . or Enter, or press ? or * to list all spells.
Aiming: Shock (safe; 4% risk of failure)
Press: ? - help, Shift-Dir - straight line, f/p - gnoll shaman
Aim: a gnoll shaman, wielding a whip and wearing a leather armour (almost dead, constricted by you)
The zap hits the gnoll shaman.
The gnoll shaman appears unharmed.
The gnoll shaman is almost dead.
You constrict the gnoll shaman. The gnoll shaman closely misses you.
You tentacle-slap the gnoll shaman but do no damage.
The gnoll shaman is almost dead.
You constrict the gnoll shaman, but do no damage.
The gnoll shaman invokes the aid of its god against you.
You are outlined in light.
You tentacle-slap the gnoll shaman but do no damage.
You squeeze the gnoll shaman.
The gnoll shaman is almost dead.
You constrict the gnoll shaman, but do no damage.
The gnoll shaman hits you with a whip!
You die...

▓.▓
▓.▓
▓.▓
▓'▓
▓.▓
▓.▓
▓.▓
▓.▓
▓@▓
▓g▓
▓.▓
▓.▓
▓†▓
▓.▓
▓.▓
▓+▓


You could see a gnoll shaman.

Vanquished Creatures
  An adder (D)
  A bat zombie (D)
  2 giant cockroaches (D)
  A goblin (D)
  A hobgoblin (D)
  2 bats (D)
  A rat (D)
9 creatures vanquished.

Notes
Turn   | Place    | Note
-------+----------+-------------------------------------------
     0 | D        | emperorscorpion the Octopode Air Elementalist began the quest for the Orb.
     0 | D        | Reached XP level 1. HP: 11/11 MP: 3/3
    38 | D        | Noticed a gnoll shaman
    39 | D        | Reached skill level 4 in Air Magic
    41 | D        | Reached XP level 2. HP: 17/17 MP: 1/5
    51 | D        | Mangled by a gnoll shaman

Vault maps used:
D:        linesprint

Skill      XL: |  1  2 |
---------------+-------+-----
Stealth        | 3 |  3.2
Air Magic      | 4 |  4.6
Spellcasting   | 3 |  3.3
Dodging        | |  2.4
Conjurations   | |  1.2

Action                   || total
-------------------------++-------
Melee: Unarmed           ||     8
       Tentacles         ||     2
       Constrict         ||     1
 Cast: Shock             ||     7
Dodge: Dodged            ||     4

Table legend:
 A = Spawn XP
 B = Non-spawn XP
 C = Spawn XP percentage of total XP
 D = Spawn monster count
 E = Non-spawn monster count
 F = Spawn count percentage of total count
 G = Total turns spent on level
                    A         B        C        D         E        F      G
               +---------+---------+-------+---------+---------+-------+---------
         Total |       0 |      26 |   0.0 |       0 |       9 |   0.0 |    51
               +---------+---------+-------+---------+---------+-------+---------
             D |       0 |      26 |   0.0 |       0 |       9 |   0.0 |    51
               +---------+---------+-------+---------+---------+-------+---------
